 Dungeon Crawl Stone Soup version 0.22-a0-32-ga749362 (webtiles) character file.

94 gmonis the Cudgeler (level 4, -2/40 HPs)
             Began as a Minotaur Berserker on Jan 3, 2018.
             Was a Believer of Trog.
             Killed from afar by an orc wizard (9 damage)
             ... with a puff of flame
             ... on level 3 of the Dungeon.
             The game lasted 00:05:17 (2386 turns).

gmonis the Cudgeler (Minotaur Berserker)            Turns: 2386, Time: 00:05:18

Health: -2/40      AC:  3    Str: 22    XL:     4   Next: 38%
Magic:  3/3        EV: 12    Int:  4    God:    Trog [**....]
Gold:   113        SH:  0    Dex: 10    Spells: 3/3 levels left

rFire    . . .     SeeInvis .   a - +0 mace
rCold    . . .     Gourm    .   (no shield)
rNeg     . . .     Faith    .   m - +0 leather armour
rPois    .         Spirit   .   (helmet restricted)
rElec    .         Reflect  .   (no cloak)
rCorr    .         Harm     .   (no gloves)
MR       .....                  (no boots)
Stlth    +.........             (no amulet)
HPRegen  0.13/turn              (no ring)
MPRegen  0.08/turn              (no ring)

@: no status effects
A: retaliatory headbutt, horns 2
a: Berserk, Trog's Hand, Burn Spellbooks, Renounce Religion


You were on level 3 of the Dungeon.
You worshipped Trog.
Trog was pleased with you.
You were hungry.

You visited 1 branch of the dungeon, and saw 3 of its levels.

You collected 113 gold pieces.

Inventory:

Hand Weapons
 a - a +0 mace (weapon)
Missiles
 f - 120 stones (quivered)
Armour
 b - a +0 animal skin
 m - a +0 leather armour (worn)
Jewellery
 o - a +3 ring of dexterity {unknown}
Scrolls
 h - 2 scrolls of teleportation {unknown}
 l - a scroll of identify {unknown}
 n - a scroll of remove curse {unknown}
Potions
 d - a potion of curing {unknown}
 e - a potion of cancellation {unknown}
 g - 2 potions of lignification {unknown}
 i - 2 potions of heal wounds {unknown}
 j - a potion of flight {unknown}
 k - a potion of might {unknown}
Comestibles
 c - 5 rations


   Skills:
 - Level 3.9 Fighting
 + Level 6.0 Maces & Flails
 - Level 2.5 Armour
 - Level 2.3 Dodging


You had 3 spell levels left.
You didn't know any spells.

Dungeon Overview and Level Annotations

Branches:
Dungeon (3/15)

Altars:
Gozag
Nemelex Xobeh
Yredelemnul


Innate Abilities, Weirdness & Mutations

You reflexively headbutt those who attack you in melee.
You have a pair of horns on your head.


Message History

You closely miss the orc.
The orc hits you from afar with a trident!
You hear some strange, mumbled words.
A puff of flame appears from out of thin air!
The puff of flame hits you!
* * * LOW HITPOINT WARNING * * *
The orc completely misses you.
A magic dart appears from out of thin air!
The magic dart hits you!
* * * LOW HITPOINT WARNING * * *
An adder comes into view.
You see here a club.
The orc closely misses you. Something hits you.
* * * LOW HITPOINT WARNING * * *
The orc completely misses you.
You hear some strange, mumbled words.
A puff of flame appears from out of thin air!
The puff of flame hits you!
You die...

.... .#. (..
... . ... .. .>
..##(#. #.#...
###.#(#
##...(.###
###)..(....#
#.@S...###.##
#o#.o.......#
#...).......#
#.#..().....#
###...(........
#....(....###
#....(....#
#....(....#
#.........#


You could see an adder and 2 orcs.

Vanquished Creatures
  A gnoll (D:1)
  3 adders (D:2)
  An ooze (D:2)
  2 worms (D:2)
  A dart slug (D:1)
  A leopard gecko (D:1)
  An orc (D:3)
  A ball python (D:1)
  A giant cockroach (D:3)
  3 goblins
  6 hobgoblins
  2 jackals (D:1)
  A quokka (D:2)
  6 bats
  3 frilled lizards
  8 kobolds
  4 rats
45 creatures vanquished.

Notes
Turn   | Place    | Note
-------+----------+-------------------------------------------
     0 | D:1      | gmonis the Minotaur Berserker began the quest for the Orb.
     0 | D:1      | Reached XP level 1. HP: 19/19 MP: 0/0
    53 | D:1      | Reached XP level 2. HP: 20/27 MP: 1/1
   215 | D:1      | Reached skill level 4 in Maces & Flails
   703 | D:1      | Reached XP level 3. HP: 30/33 MP: 2/2
  1178 | D:2      | Reached ** piety under Trog
  1178 | D:2      | Reached skill level 5 in Maces & Flails
  1253 | D:2      | Found a basalt altar of Yredelemnul.
  1588 | D:2      | Found a sparkling altar of Nemelex Xobeh.
  1591 | D:2      | Found an opulent altar of Gozag.
  1924 | D:2      | Reached XP level 4. HP: 23/40 MP: 3/3
  2357 | D:3      | Reached skill level 6 in Maces & Flails
  2386 | D:3      | Killed from afar by an orc wizard

Vault maps used:
D:1:      minmay_arrival_cross, minmay_misc_feat_ornament
D:2:      grunt_temple_overflow_opulence, nicolae_overflow_crystal_walls
D:3:      first_ration

Skill      XL: |  1  2  3  4 |
---------------+-------------+-----
Maces & Flails | 4 5 6 |  6.0
Fighting       | |  3.9
Armour         | |  2.5
Dodging        | |  2.3

Action                   |  1- 3 |  4- 6 || total
-------------------------+-------+-------++-------
Melee: Mace              |    75 |    13 ||    88
       Headbutt          |     9 |     1 ||    10
Throw: Stone             |       |    10 ||    10
  Eat: Chunk             |     3 |     1 ||     4
Armor: Animal skin       |     5 |       ||     5
       Leather armour    |     4 |     2 ||     6
Dodge: Dodged            |    61 |    11 ||    72

Table legend:
 A = Spawn XP
 B = Non-spawn XP
 C = Spawn XP percentage of total XP
 D = Spawn monster count
 E = Non-spawn monster count
 F = Spawn count percentage of total count
 G = Total turns spent on level
                    A         B        C        D         E        F      G
               +---------+---------+-------+---------+---------+-------+---------
         Total |       0 |     135 |   0.0 |       0 |      45 |   0.0 |  2386
               +---------+---------+-------+---------+---------+-------+---------
           D:1 |       0 |      48 |   0.0 |       0 |      21 |   0.0 |  1113
           D:2 |       0 |      80 |   0.0 |       0 |      21 |   0.0 |  1235
           D:3 |       0 |       7 |   0.0 |       0 |       3 |   0.0 |    38
               +---------+---------+-------+---------+---------+-------+---------
